 Dungeon Crawl Stone Soup version 0.30.1-4-g462c640d31 (webtiles) character file.

Game seed: 11136489014014653843

17143 DemonSlayer the Thaumaturge (level 12, -17/124 HPs)
             Began as a Demonspawn Earth Elementalist on Aug 2, 2023.
             Was an Elder of Dithmenos.
             Demolished by a death scarab (18 damage)
             ... in a Gauntlet on Sept 16, 2023.
             The game lasted 00:40:55 (17028 turns).

DemonSlayer the Thaumaturge (DsEE)                 Turns: 17028, Time: 00:40:56

Health: -17/124    AC: 10    Str:  9    XL:     12   Next: 16%
Magic:  14/26      EV: 14    Int: 20    God:    Dithmenos [****..]
Gold:   349        SH:  4    Dex: 18    Spells: 18/31 levels left

rFire   . . .        x - +2 dagger (freeze)
rCold   + . .        (no shield)
rNeg    . . .        l - +3 leather armour {rC+}
rPois   .            (no helmet)
rElec   +            D - scarf "Bemur" {+Inv, rElec}
rCorr   +            C - +1 pair of gloves {hurl}
SInv    .            A - +0 pair of boots
Will    .....        b - amulet of regeneration Stlth
                     s - ring "Onidyidi" {rCorr Dex+3}
HPRegen 2.20/turn    a - +4 ring of slaying
MPRegen 0.20/turn

%: no teleportation
@: berserking (expiring), slowed, wreathed by umbra
A: claws 2, powered by death 2, condensation shield
a: Renounce Religion, Evoke Invisibility, Shadow Step


You were in a Gauntlet.
You worshipped Dithmenos.
Dithmenos was greatly pleased with you.
You visited 2 branches of the dungeon, and saw 13 of its levels.
You also visited: Sewer, Ossuary, Bailey and Gauntlet.

You collected 743 gold pieces.
You spent 394 gold pieces at shops.

Inventory:

Hand Weapons
 x - a +2 dagger of freezing (weapon)
Missiles
 f - 3 curare-tipped darts
Armour
 l - a +3 leather armour of cold resistance (worn)
 A - a +0 pair of boots (worn)
 C - a +1 pair of gloves of hurling (worn)
 D - the scarf "Bemur" (worn) {+Inv, rElec}
   (You bought it in a shop on level 7 of the Dungeon)

   rElec:     It insulates you from electricity.
Jewellery
 a - a +4 ring of slaying (right hand)
 b - an amulet of regeneration (around neck)
 j - a ring of protection from cold
 s - the ring "Onidyidi" (left hand) {rCorr Dex+3}
   (You found it in an ossuary)

   [ring of resist corrosion]

   Dex:       It affects your dexterity (+3).
   rCorr:     It protects you from acid and corrosion.
Wands
 y - a wand of iceblast (1)
 B - a wand of charming (9)
Scrolls
 d - 5 scrolls of fear
 g - 7 scrolls of teleportation
 k - 2 scrolls of identify
 n - 2 scrolls of amnesia
 r - a scroll of butterflies
 t - a scroll of magic mapping
 u - 2 scrolls of blinking
 E - a scroll of fog
Potions
 e - 4 potions of flight
 h - 2 potions of heal wounds
 m - 5 potions of mutation
 o - 4 potions of cancellation
 p - 8 potions of curing
 q - a potion of ambrosia
 w - 2 potions of invisibility
 z - 3 potions of attraction
Miscellaneous
 i - a phantom mirror


   Skills:
 + Level 3.8 Fighting
 + Level 3.7 Short Blades
 + Level 1.2 Staves
 + Level 0.6 Throwing
 + Level 5.0 Armour
 + Level 4.6 Dodging
 + Level 4.4 Stealth
 + Level 2.8 Shields
 + Level 10.4 Spellcasting
 + Level 7.8 Conjurations
 + Level 0.8 Transmutations
 + Level 9.4 Earth Magic
 + Level 1.2 Evocations


You had 18 spell levels left.
You knew the following spells:

 Your Spells              Type           Power      Damage    Failure   Level
a - Sandblast             Erth           96%        2d20      1%          1
b - Passwall              Tmut/Erth      25%        N/A       1%          2
c - Stone Arrow           Conj/Erth      90%        3d12      1%          3
d - Petrify               Tmut/Erth      31%        N/A       11%         4
e - Swiftness             Air            10%        N/A       26%         3

Your spell library contained the following spells:

 Spells                   Type           Power      Damage    Failure   Level
 Kiss of Death            Conj/Necr      100%       2d13      1%          1
 Shock                    Conj/Air       100%       1d9       1%          1
 Apportation              Tloc           20%        N/A       9%          1
 Necrotise                Necr           40%        1d6       9%          1
 Summon Small Mammal      Summ           40%        N/A       9%          1
 Scorch                   Fire           20%        2d6       13%         2
 Flame Wave               Conj/Fire      26%        2d8       17%         4
 Irradiate                Conj/Tmut      13%        3d16      38%         5
 Ice Form                 Ice/Tmut       12%        N/A       58%         4
 Airstrike                Air            5%         2d(1-17)  65%         4
 Summon Cactus Giant      Summ           5%         N/A       100%        6
 Polar Vortex             Ice            5%         N/A       100%        9


Dungeon Overview and Level Annotations

Branches:
Dungeon (12/15)            Temple (1/1) D:5            Lair (0/5) D:10
    Orc (0/2) D:11          Sewer (visited)         Ossuary (visited)
 Bailey (visited)         Gauntlet (1/1)

Altars:
Ashenzari
Cheibriados
Dithmenos
Fedhas
Gozag
Hepliaklqana
Kikubaaqudgha
Makhleb
Nemelex Xobeh
Okawaru
Qazlal
Ru
Sif Muna
Trog
Uskayaw
Vehumet
Wu Jian
Xom
Yredelemnul

Shops:
D:6 *   D:7 [   D:8 :   D:9 *

Annotations:
D:6 1 runed translucent door, Crazy Yiuf Gauntlet 9 transporters, 2 runed translucent doors, exclusions: ice statue and oklob plant


Innate Abilities, Weirdness & Mutations

You have very sharp fingernails.
You regenerate health from kills.
A meltable shield of frost defends you. (SH +4)


Message History

The death scarab fails to trigger a net trap.
The spectral torpor snail completely misses you.
Unknown command.
A red film seems to cover your vision as you go berserk!
You feel yourself moving faster!
You feel mighty!
The spectral torpor snail bites you but does no damage.
You hit the spectral torpor snail but do no damage.
The spectral torpor snail is severely damaged.
Your shadow hits the spectral torpor snail but does no damage.
The spectral torpor snail misses you.
You puncture the spectral torpor snail!
The spectral torpor snail is almost destroyed.
You hit the spectral torpor snail. You freeze the spectral torpor snail.
You destroy the spectral torpor snail!
Dithmenos accepts your kill. The death scarab bites you!!
* * * LOW HITPOINT WARNING * * *
The death scarab drains your vigour!
You feel as though you will be slow longer.
The death scarab draws strength from your injuries!
Unknown command.
You closely miss the death scarab. The death scarab misses you.
You puncture the death scarab! You freeze the death scarab.
The death scarab is heavily damaged.
You block the death scarab's attack.
The death scarab fails to trigger a net trap.
The death scarab bites you!
* * * LOW HITPOINT WARNING * * *
The death scarab draws strength from your injuries!
You feel a strong urge to attack something.
You hit the death scarab. You freeze the death scarab.
The death scarab is heavily damaged.
Your shadow hits the death scarab but does no damage.
The death scarab bites you!
* * * LOW HITPOINT WARNING * * *
The death scarab drains your vigour!
You feel as though you will be slow longer.
The death scarab draws strength from your injuries!
The death scarab bites you!!
You die...

≈.#..#..55#.#.÷####.#.≈≈#
≈.#...©$=3#.#...©.!8#.≈##
#.###################.##
≈....#©.........©#....≈##
≈..⌠.#.⌠.⌠.⌠.⌠.⌠.#.⌠..≈≈#
≈....#©.........©#....≈##
#.#########.#########.##
≈.#...D...#.#..#©...#.≈##
≈.#.#####D#.#..#@##.#.≈≈#
≈.#...#..D#.#..#B##.#.≈##
#.####©####.#..#.^..#.##
≈.#...#...#.#.('''###.≈##
≈.#.#####.#.#..#.#..#.≈≈#
≈.#P.|©[..#.#..#©#=(#.≈##
#.###################.##
≈....#©.........©#....≈##
≈..⌠.#.⌠.⌠.⌠.⌠.⌠.#.⌠..≈≈#


You could see an ice statue, a sixfirhy, a death scarab and 2 acid dragons.

Vanquished Creatures
  2 boulder beetles
  3 two-headed ogres
  2 cyclopes
  4 gargoyles
  2 rime drakes (Gauntlet)
  A komodo dragon (D:10)
  A troll (D:10)
  2 wraiths
  A vampire (Bailey)
  A shadow (D:9)
  19 yaks
  3 wyverns (D:10)
  Eustachio (D:4)
  A human (D:11)
  A steam dragon (D:8)
  A warg (D:11)
  An acid dragon (D:10)
  Menkaure (D:4)
  7 water moccasins
  A spectral torpor snail (Gauntlet)
  5 orc warriors
  6 black bears
  3 ogres
  A wolf (D:10)
  10 centaurs
  2 phantoms
  Blork the orc (D:5)
  A kobold brigand (Sewer)
  4 bullfrogs
  2 wyvern zombies (Ossuary)
  2 scorpions
  A water moccasin zombie (Ossuary)
  6 wights
  3 killer bees (D:9)
  7 wolf zombies (Bailey)
  8 vampire bats (Bailey)
  4 howler monkeys
  A centaur zombie (Ossuary)
  6 bullfrog zombies (Ossuary)
  3 jellies
  4 hounds
  7 orc priests
  13 mummies (Ossuary)
  3 sleepcaps
  Jessica (D:2)
  5 iguanas
  9 orc wizards
  3 killer bee zombies (Ossuary)
  Robin (D:2)
  3 howler monkey zombies (Ossuary)
  4 gnolls
  10 adders
  2 river rats (Sewer)
  3 white imps
  An ufetubus (D:7)
  4 worms
  4 dart slugs
  38 orcs
  11 endoplasms
  8 giant cockroaches
  15 goblins
  11 hobgoblins
  4 jackals (D:5)
  6 quokkas
  7 ball pythons
  9 bats
  5 frilled lizards
  12 kobolds
  18 orc zombies (Bailey)
  9 rats
361 creatures vanquished.

Notes
Turn   | Place    | Note
-------+----------+-------------------------------------------
     0 | D:1      | DemonSlayer the Demonspawn Earth Elementalist began the
                  | quest for the Orb.
     0 | D:1      | Reached XP level 1. HP: 13/13 MP: 3/3
   209 | D:1      | Gained mutation: You regenerate a little health from kills.
                  | [demonic ancestry]
   209 | D:1      | Reached XP level 2. HP: 17/19 MP: 0/5
   583 | D:1      | Reached XP level 3. HP: 4/25 MP: 1/6
   997 | D:1      | Learned a level 2 spell: Passwall
  1001 | D:1      | Learned a level 3 spell: Stone Arrow
  1053 | D:2      | Noticed Jessica
  1474 | D:2      | Killed Jessica
  1475 | D:2      | Reached XP level 4. HP: 26/31 MP: 3/8
  1708 | D:2      | Noticed Robin
  2147 | D:2      | Found a faded altar of an unknown god.
  2353 | D:2      | Reached skill level 3 in Spellcasting
  2356 | D:2      | Killed Robin
  2531 | D:3      | Reached XP level 5. HP: 36/36 MP: 3/9
  2746 | D:3      | Found a hide-covered altar of Uskayaw.
  2754 | D:3      | Identified the +7 short sword of Prudence {venom, *Noise
                  | Will+ Str+6 SInv}
  3058 | D:3      | Upgraded the game from 0.30.1-3-gfc49f6343a to
                  | 0.30.1-4-g462c640d31
  3139 | D:4      | Learned a level 4 spell: Petrify
  3154 | D:4      | Noticed Eustachio
  3155 | D:4      | Noticed a black bear
  3156 | D:4      | Noticed an ogre
  3235 | D:4      | Noticed a phantom
  3246 | D:4      | Killed a phantom
  3247 | D:4      | Reached skill level 4 in Spellcasting
  3253 | D:4      | Noticed an ogre
  3265 | D:4      | Killed an ogre
  3266 | D:4      | Gained mutation: A meltable shield of frost defends you.
                  | (SH +4) [demonic ancestry]
  3266 | D:4      | Reached XP level 6. HP: 28/42 MP: 10/12
  3308 | D:4      | Noticed Menkaure
  3314 | D:4      | Found a sand-covered staircase.
  3321 | Ossuary  | Entered an ossuary
  3325 | Ossuary  | Reached skill level 1 in Armour
  3389 | Ossuary  | Reached skill level 5 in Earth Magic
  3397 | Ossuary  | Gained mutation: You regenerate health from kills. [demonic
                  | ancestry]
  3397 | Ossuary  | Reached XP level 7. HP: 34/47 MP: 2/14
  3414 | Ossuary  | Reached skill level 1 in Staves
  3466 | Ossuary  | Reached skill level 1 in Fighting
  3504 | Ossuary  | Reached skill level 5 in Spellcasting
  3722 | Ossuary  | Identified the ring "Onidyidi" {rCorr Dex+3}
  3787 | Ossuary  | Gained mutation: You have sharp fingernails. [demonic
                  | ancestry]
  3787 | Ossuary  | Reached XP level 8. HP: 54/54 MP: 11/16
  4036 | D:4      | Killed Menkaure
  4037 | D:4      | Reached skill level 1 in Shields
  4037 | D:4      | Reached skill level 6 in Spellcasting
  4311 | D:4      | Found an opulent altar of Gozag.
  4695 | D:4      | Killed Eustachio
  5397 | D:4      | You fall into a shaft and drop 3 floors!
  5439 | D:6      | Reached skill level 1 in Conjurations
  5582 | D:6      | Reached skill level 7 in Spellcasting
  5598 | D:6      | Found a glowing drain.
  5602 | Sewer    | Entered a sewer
  5753 | Sewer    | Gained mutation: You have very sharp fingernails. [demonic
                  | ancestry]
  5753 | Sewer    | Reached XP level 9. HP: 55/61 MP: 6/19
  6023 | D:6      | Found a broken altar of Ashenzari.
  6061 | D:6      | Found an ornate altar of the Wu Jian Council.
  6071 | D:6      | Found Qihying's General Store.
  6177 | D:6      | Bought a scroll of fear for 44 gold pieces
  6345 | D:6      | Found a runed translucent door.
  6346 | D:6      | Noticed Crazy Yiuf
  6503 | D:5      | Entered Level 5 of the Dungeon
  6839 | D:5      | Found a staircase to the Ecumenical Temple.
  6863 | Temple   | Entered the Ecumenical Temple
  7034 | Temple   | Became a worshipper of Dithmenos the Shadowed
  7484 | D:5      | Noticed Blork the orc
  7489 | D:5      | Killed Blork the orc
  8570 | D:7      | Found Bickit's Antique Armour Emporium.
  8578 | D:7      | Bought a bloodstained scarf for 280 gold pieces
  8578 | D:7      | Identified the scarf "Bemur" {+Inv, rElec} (You bought it
                  | in a shop on level 7 of the Dungeon)
  8596 | D:7      | Reached skill level 1 in Short Blades
  9203 | D:8      | Reached * piety under Dithmenos
  9209 | D:8      | Reached skill level 8 in Spellcasting
  9584 | D:8      | Reached XP level 10. HP: 67/67 MP: 9/22
  9755 | D:8      | Found a bloodstained altar of Trog.
  9980 | D:8      | Found Asecuxul's Self-Improvement Boutique.
 10864 | D:9      | Found Guumycw's Assorted Antiques.
 10873 | D:9      | Bought an orange potion for 33 gold pieces
 10873 | D:9      | Bought a scroll labelled FYOWUOD GIOHI for 37 gold pieces
 10963 | D:10     | Entered Level 10 of the Dungeon
 11035 | D:10     | Found a flagged portal.
 11040 | Bailey   | Entered a bailey
 11690 | Bailey   | Reached ** piety under Dithmenos
 11693 | Bailey   | Reached skill level 5 in Conjurations
 11933 | Bailey   | Noticed a gargoyle
 11937 | Bailey   | Killed a gargoyle
 12317 | Bailey   | Reached skill level 9 in Spellcasting
 12549 | Bailey   | Got the Meditations on the Serac and Injury
 12878 | D:10     | Reached XP level 11. HP: 74/74 MP: 2/24
 13020 | D:10     | Found a staircase to the Lair.
 13116 | D:10     | Reached *** piety under Dithmenos
 14292 | D:11     | Noticed a boulder beetle
 14323 | D:11     | Killed a boulder beetle
 14808 | D:11     | Found a staircase to the Orcish Mines.
 14825 | D:11     | Noticed a two-headed ogre
 14858 | D:10     | Reached skill level 1 in Evocations
 15497 | D:11     | Reached **** piety under Dithmenos
 15508 | D:11     | Reached skill level 10 in Spellcasting
 15599 | D:11     | Killed a two-headed ogre
 16231 | D:11     | Learned a level 3 spell: Swiftness
 16269 | D:12     | Noticed a two-headed ogre
 16270 | D:12     | Noticed a two-headed ogre
 16272 | D:12     | Killed a two-headed ogre
 16273 | D:12     | Reached XP level 12. HP: 83/83 MP: 16/26
 16273 | D:12     | Noticed a boulder beetle
 16277 | D:12     | Killed a two-headed ogre
 16278 | D:12     | Reached skill level 5 in Armour
 16285 | D:12     | Killed a boulder beetle
 16301 | D:12     | Found a gate leading to a gauntlet.
 16310 | Gauntlet | Entered a Gauntlet
 16310 | Gauntlet | Found a transporter.
 16310 | Gauntlet | Found a transporter.
 16535 | Gauntlet | Found a transporter.
 16536 | Gauntlet | Found a transporter.
 16538 | Gauntlet | Noticed a death scarab
 16542 | Gauntlet | Found a runed translucent gate.
 16544 | Gauntlet | Found a transporter.
 16545 | Gauntlet | Found a runed translucent gate.
 16546 | Gauntlet | Found a runed translucent gate.
 16548 | Gauntlet | Found a transporter.
 16553 | Gauntlet | Noticed an entropy weaver
 16561 | Gauntlet | Found a transporter.
 16570 | Gauntlet | Found a runed translucent door.
 16571 | Gauntlet | Noticed an entropy weaver
 16573 | Gauntlet | Found a transporter.
 16575 | Gauntlet | Found a runed translucent door.
 16587 | Gauntlet | Found a transporter.
 16591 | Gauntlet | Found a transporter.
 16599 | Gauntlet | Found a transporter.
 16603 | Gauntlet | Found a transporter.
 17028 | Gauntlet | HP: 1/124 [death scarab (17)]
 17028 | Gauntlet | Demolished by a death scarab

Illustrated notes

Levels and vault maps discovered:
D:1:      dpeg_arrival_chambers_temple_mockup, layout_basic,
          kennysheep_pointless_box
D:2:      layout_rooms, shapermc_ecumenical_altar_notcrosses,
          grunt_ministairs_13, uniq_jessica, uniq_robin
D:3:      layout_rooms, eat_drink_and_be_merry_uskayaw, lemuel_crystal_altar
D:4:      layout_cave_pods, mainiacjoe_overflow_24_doors, enter_ossuary_2,
          minmay_bent, uniq_menkaure, uniq_eustachio
D:5:      layout_cave_pools, minmay_temple_entry_mini_moons, nicolae_half_adder,
          uniq_blork_the_orc
D:6:      layout_rooms, mainiacjoe_overflow_paths,
          mainiacjoe_overflow_tiny_flanked, gup_sewer_entry_spiral,
          serial_shops, shop, hangedman_decor_diamond_cutter,
          uniq_crazy_yiuf_cottage
D:7:      layout_basic, serial_shops, shop, nicolae_benzene_ring
D:8:      layout_loops_cross, bloody_trog, nicolae_shop_self_help
D:9:      layout_cave_pools, serial_shops, shop_statue
D:10:     layout_basic, minmay_lair_entry_grove, enter_bailey_1,
          minmay_fractal_squares_gapless_5
D:11:     layout_cross, erik_orc_4, minivault_16
D:12:     layout_rooms, gauntlet_entry_generic
Temple:   eino_temple_rhombus
Gauntlet: minmay_gauntlet_77_indecision [minmay_gauntlet_arena_77_double_cross,
          minmay_gauntlet_arena_77_box, minmay_gauntlet_arena_77_two_paths,
          minmay_gauntlet_arena_77_run_for_it,
          minmay_gauntlet_arena_77_shame_cube,
          minmay_gauntlet_arena_77_p_blocks, dreamdust_gauntlet_exit_labyrinth]

Skill      XL: |  1  2  3  4  5  6  7  8  9 10 11 12 |
---------------+-------------------------------------+-----
Earth Magic    | 3 4 5 6 7 8 9 |  9.4
Stealth        | 2 3 4 |  4.4
Spellcasting   | 3 4 5 7 8 9 10 | 10.4
Armour         | 1 2 3 4 5 |  5.0
Dodging        | 2 3 4 |  4.6
Staves         | 1 |  1.2
Fighting       | 1 2 3 |  3.8
Shields        | 1 2 |  2.8
Conjurations   | 1 4 6 7 |  7.8
Short Blades   | 1 2 3 |  3.7
Evocations     | 1 |  1.2
Throwing       | |  0.6
Transmutations | |  0.8

Action                     |  1- 3 |  4- 6 |  7- 9 | 10-12 || total
---------------------------+-------+-------+-------+-------++-------
  Melee: Staff             |    25 |     3 |    45 |       ||    73
         Dagger            |       |       |    64 |   192 ||   256
         Punch             |       |       |       |     4 ||     4
  Throw: Dart              |       |       |       |     7 ||     7
   Cast: Sandblast         |    64 |    88 |    73 |     1 ||   226
         Stone Arrow       |       |       |   133 |   238 ||   371
  Evoke: Wand              |       |       |       |     7 ||     7
    Use: Scroll            |       |     1 |    17 |    12 ||    30
         Potion            |       |     1 |     1 |    10 ||    12
   Stab: Sleeping          |       |     1 |     4 |     3 ||     8
 Armour: Robe              |     5 |       |       |       ||     5
         Leather armour    |       |    16 |    57 |    92 ||   165
         Skin              |       |       |       |    10 ||    10
  Dodge: Dodged            |    37 |    44 |   103 |   252 ||   436
  Block: Other             |       |     1 |    37 |    61 ||    99
